 Dungeon Crawl Stone Soup version 0.32-a0-814-g0968bab981 (webtiles) character file.

Game seed: 4175248570649965006

317 Nvm9 the Trooper (level 6, -5/48 HPs)
             Began as a Demonspawn Fighter on Mar 22, 2024.
             Killed by an exploding butterfly (34 damage)
             ... ignited by their inner flame
             ... on level 4 of the Dungeon.
             The game lasted 00:05:53 (2684 turns).

Nvm9 the Trooper (Demonspawn Fighter)               Turns: 2684, Time: 00:05:54

Health: -5/48      AC: 12    Str: 18    XL:     6   Next: 20%
Magic:  6/6        EV:  6    Int:  8    God:
Gold:   176        SH:  4    Dex: 13    Spells: 5/5 levels left

rFire   . . .        g - +2 broad axe
rCold   . . .        c - +0 buckler
rNeg    . . .        m - +3 chain mail
rPois   .            (no helmet)
rElec   .            (no cloak)
rCorr   .            (no gloves)
SInv    .            (no boots)
Will    .....        (no amulet) Stlth
                     (no ring)
HPRegen 0.28/turn    (no ring)
MPRegen 0.10/turn

%: no passive effects
@: about to teleport
A: demonic guardian 2, powered by death 1
a: no special abilities


You were on level 4 of the Dungeon.
You visited 1 branch of the dungeon, and saw 4 of its levels.

You collected 176 gold pieces.

Inventory:

Hand Weapons
 a - a +0 war axe
 g - a +2 broad axe (weapon)
Missiles
 e - 11 poisoned darts (quivered)
Armour
 b - a +0 scale mail
 c - a +0 buckler (worn)
 m - a +3 chain mail (worn)
Talismans
 i - a dragon-blood talisman
Wands
 o - a wand of flame (25)
Scrolls
 j - a scroll of torment {unknown}
 l - a scroll of noise {unknown}
Potions
 d - 2 potions of might
 h - 2 potions of enlightenment
 k - 2 potions of degeneration
 r - a potion of invisibility
 s - a potion of haste


   Skills:
 * Level 4.3 Fighting
 * Level 3.2 Axes
 * Level 3.9 Armour
 * Level 4.0 Shields


You had 5 spell levels left.
You didn't know any spells.
Your spell library contained the following spells:

 Spells                   Type           Power      Damage    Failure   Level
 Summon Small Mammal      Summ           0%         N/A       99%         1
 Cigotuvi's Dreadful Rot  Necr/Alch/Air  0%         N/A       100%        2
 Call Canine Familiar     Summ           0%         N/A       100%        3
 Tukima's Dance           Hex            0%         N/A       100%        3
 Dispel Undead            Necr           0%         3d6       100%        4
 Martyr's Knell           Necr/Summ      0%         N/A       100%        4
 Passage of Golubria      Tloc           0%         N/A       100%        4
 Summon Blazeheart Golem  Fire/Summ      0%         N/A       100%        4
 Yara's Violent Unravell  Hex/Alch       0%         3d3       100%        5


Dungeon Overview and Level Annotations

Branches:
Dungeon (4/15)
 Temple: D:4-7

Altars:
Sif Muna
Trog
Xom


Innate Abilities, Weirdness & Mutations

A demonic guardian rushes to your aid.
You regenerate a little health from kills.


Message History

The fiery explosion engulfs your butterfly!!
Your butterfly disappears in a burst of colours!
The fiery explosion engulfs your butterfly!!!
Your butterfly disappears in a burst of colours!
Your butterfly explodes!
The fiery explosion engulfs your butterfly!!
Your butterfly disappears in a burst of colours!
The fiery explosion engulfs your butterfly!!
Your butterfly disappears in a burst of colours!
The fiery explosion engulfs your butterfly!!
Your butterfly disappears in a burst of colours!
Your butterfly explodes!
The fiery explosion engulfs your butterfly!
Your butterfly disappears in a burst of colours!
The fiery explosion engulfs your butterfly!!
Your butterfly disappears in a burst of colours!
Your butterfly explodes!
The fiery explosion engulfs your butterfly!!
Your butterfly disappears in a burst of colours!
The fiery explosion engulfs your butterfly!!
Your butterfly disappears in a burst of colours!
Your butterfly explodes!
The fiery explosion engulfs your butterfly!!
Your butterfly disappears in a burst of colours!
The fiery explosion engulfs your butterfly!
Your butterfly disappears in a burst of colours!
Your butterfly explodes! x2
The fiery explosion engulfs your butterfly!!
Your butterfly disappears in a burst of colours!
The fiery explosion engulfs you!!
Your butterfly explodes!
The fiery explosion engulfs your butterfly!!
Your butterfly disappears in a burst of colours!
The fiery explosion engulfs your butterfly!!!
Your butterfly disappears in a burst of colours!
The fiery explosion engulfs your butterfly!!
Your butterfly disappears in a burst of colours!
The fiery explosion engulfs you!!
Ouch! That really hurt!
You die...

#.............
#......#######
#......# #......#
#......#
#######......####
#...............#
###'######........#
#bbb.@§§##........#
#b.b§§§§##........#
#bbb.b§§##........#
#b.bb§§§##........####
#.bbb§§§++........'...
#§bbb§§§##........####
##########........#
#........# ##########


There were no monsters in sight!

Vanquished Creatures
  A scorpion (D:4)
  2 hounds (D:4)
  Ijyb (D:4)
  An iguana (D:4)
  4 gnolls (D:3)
  2 adders
  A ribbon worm (D:2)
  A dart slug (D:4)
  2 orcs (D:3)
  7 ball pythons
  9 endoplasms
  4 giant cockroaches
  4 goblins
  6 hobgoblins
  10 jackals
  A quokka (D:1)
  3 bats
  2 frilled lizards
  9 kobolds
  8 rats
78 creatures vanquished.

Vanquished Creatures (collateral kills)
  An adder (D:2)
  A bat (D:1)
  2 quokkas
4 creatures vanquished.

Grand Total: 82 creatures vanquished

Notes
Turn   | Place    | Note
-------+----------+-------------------------------------------
     0 | D:1      | Nvm9 the Demonspawn Fighter began the quest for the Orb.
     0 | D:1      | Reached XP level 1. HP: 18/18 MP: 1/1
   179 | D:1      | Gained mutation: A weak demonic guardian rushes to your
                  | aid. [demonic ancestry]
   179 | D:1      | Reached XP level 2. HP: 24/24 MP: 2/2
   582 | D:1      | Reached XP level 3. HP: 27/29 MP: 3/3
  1155 | D:2      | Found a bloodstained altar of Trog.
  1172 | D:2      | Reached XP level 4. HP: 28/35 MP: 4/4
  1857 | D:3      | Found a shimmering blue altar of Sif Muna.
  1928 | D:4      | Gained mutation: A demonic guardian rushes to your aid.
                  | [demonic ancestry]
  1928 | D:4      | Reached XP level 5. HP: 37/42 MP: 5/5
  2267 | D:4      | Noticed Ijyb
  2278 | D:4      | Killed Ijyb
  2279 | D:4      | Gained mutation: You regenerate a little health from kills.
                  | [demonic ancestry]
  2279 | D:4      | Reached XP level 6. HP: 39/48 MP: 6/6
  2483 | D:4      | Found a shimmering altar of Xom.
  2684 | D:4      | Killed by an exploding butterfly... ignited by their inner
                  | flame

Illustrated notes

Levels and vault maps discovered:
D:1:      evilmike_arrival_plus, layout_loops_ring, minivault_4
D:2:      layout_rooms, basic_altar
D:3:      layout_loops_ring, led_sif_book, nicolae_overflow_ecumenical_swirl,
          hellmonk_ecumenical_altar_blasted
D:4:      layout_basic, lemuel_coloured_pillars_altar, st_stairs_13, uniq_ijyb

Skill      XL: |  1  2  3  4  5  6 |
---------------+-------------------+-----
Axes           | 2 3 |  3.2
Armour         | 3 |  3.9
Shields        | 3 4 |  4.0
Fighting       | 4 |  4.3

Action                     |  1- 3 |  4- 6 || total
---------------------------+-------+-------++-------
  Melee: War axe           |    82 |       ||    82
         Broad axe         |    24 |   103 ||   127
    Use: Potion            |     1 |     4 ||     5
         Scroll            |     1 |     6 ||     7
 Armour: Scale mail        |    94 |    36 ||   130
         Chain mail        |       |    57 ||    57
  Dodge: Dodged            |    65 |    43 ||   108
  Block: Buckler           |    25 |    29 ||    54

Table legend: (Time is in decaauts)
 A = Elapsed time spent in this place.
 B = Non-inter-level travel time spent in this place.
 C = Inter-level travel time spent in this place.
 D = Time resting spent in this place.
 E = Time spent auto-exploring this place.
 F = Levels seen in this place.
 G = Mean time per level.
                   A        B        C        D        E       F      G
               +--------+--------+--------+--------+--------+-----+--------+
         Total |   2785 |   2729 |     56 |    262 |   1795 |   4 |  696.2 |
       Dungeon |   2785 |   2729 |     56 |    262 |   1795 |   4 |  696.2 |
               +--------+--------+--------+--------+--------+-----+--------+

Top non-repeatable levels by time:
     D:1: 917 daAuts
     D:4: 798 daAuts
     D:2: 562 daAuts
     D:3: 507 daAuts
